 Dungeon Crawl Stone Soup version 0.30.1-4-g462c640d31 (webtiles) character file.

Game seed: 12025613954679891490

14735 croobank the Frost Mage (level 11, -4/86 HPs)
             Began as a Demonspawn Ice Elementalist on Sept 4, 2023.
             Was an Initiate of Gozag.
             Slain by Urug
             ... wielding a +0 great sword of holy wrath
              (21 damage)
             ... on level 9 of the Dungeon.
             The game lasted 01:59:54 (14128 turns).

croobank the Frost Mage (DsIE)                     Turns: 14128, Time: 01:59:54

Health: -4/86      AC: 11    Str: 13    XL:     11   Next: 92%
Magic:  17/22      EV: 19    Int: 23    God:    Gozag
Gold:   84         SH:  8    Dex: 13    Spells: 15/25 levels left

rFire   + . .        b - +5 sling (flame)
rCold   + . .        c - +3 buckler
rNeg    . . .        p - +0 leather armour of Pantheism {rPois Str+3 Int+3}
rPois   +            (helmet unavailable)
rElec   +            R - +0 cloak
rCorr   +            E - +2 pair of gloves
SInv    +            (no boots)
Will    .....        (no amulet)
Stlth   ++++         i - +5 ring of evasion
HPRegen 0.34/turn    K - ring of see invisible
MPRegen 0.18/turn

%: no passive effects
@: mighty, ice-armoured, resistant, corroded, freezing walls, hasted, very quick
A: horns 3, icy blue scales 1, foul stench 1, powered by death 1
a: Renounce Religion, Potion Petition, Call Merchant, Bribe Branch


You were on level 9 of the Dungeon.
You worshipped Gozag.
Gozag was noncommittal.
You visited 2 branches of the dungeon, and saw 11 of its levels.
You also visited: Bailey.

You collected 2180 gold pieces.
You spent 1213 gold pieces at shops.
You paid 883 gold pieces to Gozag.

Inventory:

Hand Weapons
 a - a +1 dagger of protection
 b - a +5 sling of flaming (weapon)
 f - a +0 hand axe
 h - a +0 mace
 o - a +1 long sword of flaming
 z - a +2 dagger of venom
 C - a +0 war axe
 H - a +0 heavy war axe
 L - a +1 trident of freezing
 N - a +4 war axe
 O - a +4 morningstar of freezing
 P - a +4 short sword
 T - a +0 short sword of speed
 U - a +4 dagger
Missiles
 j - 25 poisoned darts
 r - 18 boomerangs
 A - a curare-tipped dart
Armour
 c - a +3 buckler (worn)
 p - the +0 leather armour of Pantheism (worn) {rPois Str+3 Int+3}
   (You took it off a goblin on level 4 of the Dungeon)

   Str:       It affects your strength (+3).
   Int:       It affects your intelligence (+3).
   rPois:     It protects you from poison.
 E - a +2 pair of gloves (worn)
 R - a +0 cloak (worn)
 S - a +2 robe of willpower
Jewellery
 i - a +5 ring of evasion (left hand)
 w - a ring of poison resistance
 K - a ring of see invisible (right hand)
 V - a +4 ring of slaying
 X - a ring of protection from fire
Wands
 t - a wand of iceblast (12)
 u - a wand of flame (11)
 v - a wand of polymorph (9)
 y - a wand of digging (4)
 F - a wand of charming (13)
 Q - a wand of mindburst (15)
Scrolls
 l - 3 scrolls of fog
 m - 2 scrolls of enchant armour
 s - a scroll of amnesia
 x - 2 scrolls of teleportation
 D - 4 scrolls of magic mapping
 J - a scroll of fear
 W - a scroll of identify
 Y - a scroll of acquirement {unknown}
Potions
 d - a potion of brilliance
 e - 2 potions of magic
 g - 3 potions of attraction
 k - 4 potions of curing
 n - a potion of might
 q - 3 potions of mutation
 B - a potion of ambrosia
 G - 2 potions of flight
 I - 2 potions of lignification
 M - 3 potions of cancellation


   Skills:
 + Level 8.1 Fighting
 + Level 7.9 Dodging
 + Level 8.6 Stealth
 - Level 5.1 Shields
 + Level 7.9 Spellcasting
 - Level 4.3 Conjurations
 * Level 1.9 Summonings
 + Level 8.7 Ice Magic


You had 15 spell levels left.
You knew the following spells:

 Your Spells              Type           Power      Damage    Failure   Level
a - Freeze                Ice            100%       1d10      1%          1
b - Frozen Ramparts       Ice            98%        1d15      1%          3
c - Ozocubu's Armour      Ice            49%        N/A       1%          3
d - Hailstorm             Conj/Ice       39%        3d9       2%          3

Your spell library contained the following spells:

 Spells                   Type           Power      Damage    Failure   Level
 Ensorcelled Hibernation  Hex/Ice        58%        N/A       3%          2
 Sandblast                Erth           18%        2d7       12%         1
 Summon Ice Beast         Ice/Summ       33%        N/A       13%         4
 Stone Arrow              Conj/Erth      38%        3d9       16%         3
 Passwall                 Tmut/Erth      7%         N/A       19%         2
 Ice Form                 Ice/Tmut       29%        N/A       21%         4
 Spider Form              Tmut/Pois      9%         N/A       36%         3
 Swiftness                Air            9%         N/A       36%         3
 Volatile Blastmotes      Fire/Tloc      18%        2d11      36%         3
 Fulminant Prism          Conj/Hex       9%         3d7       45%         4
 Iskenderun's Mystic Bla  Conj/Tloc      19%        2d6       45%         4
 Anguish                  Hex/Necr       4%         N/A       77%         4
 Summon Forest            Summ/Tloc      6%         N/A       92%         5
 Summon Mana Viper        Hex/Summ       13%        N/A       92%         5
 Lee's Rapid Deconstruct  Erth           4%         3d5*      98%         5
 Summon Cactus Giant      Summ           9%         N/A       100%        6
 Simulacrum               Ice/Necr       Unusable   N/A       N/A         6

Dungeon Overview and Level Annotations

Branches:
Dungeon (10/15)            Temple (1/1) D:4            Lair (0/5) D:8
    Orc (0/2) D:9          Bailey (visited)

Altars:
Ashenzari
Cheibriados
Fedhas
Gozag
Kikubaaqudgha
Makhleb
Nemelex Xobeh
Okawaru
Qazlal
Sif Muna
Trog
Vehumet
Wu Jian
Yredelemnul

Shops:
D:6 (   D:9 =   D:10 :

Annotations:
D:9 Urug
D:10 Erica


Innate Abilities, Weirdness & Mutations

You have a pair of large horns on your head.
You are partially covered in icy blue scales. (AC +2)
You may rarely emit foul miasma when damaged in melee.
You regenerate a little health from kills.


Message History

The walls around you are covered in ice.
Urug winks... or blinks.
Casting: Frozen Ramparts (safe; 1% risk of failure)
Confirm with . or Enter, or press ? or * to list all spells.
A film of ice covers your body!
The wall freezes Urug but does no damage.
Okay, then.
Fire: b) +5 sling (flame)
Press: ? - help, Q - select action, (/) - cycle Shift-Dir - straight line, f - Urug
Aim: Urug, wielding a +0 great sword of holy wrath, wearing a +0 chain mail, quivering javelins and carrying a wand of acid (5) (62% to hit)
You shoot a sling bullet.
The sling bullet hits Urug but does no damage.
The wall freezes Urug but does no damage.
Urug zaps a wand.
The bolt of acid misses you.
Fire: b) +5 sling (flame)
Press: ? - help, Q - select action, (/) - cycle Shift-Dir - straight line, f/p - Urug
Aim: Urug, wielding a +0 great sword of holy wrath, wearing a +0 chain mail, quivering javelins and carrying a wand of acid (4) (62% to hit)
You shoot a sling bullet.
The sling bullet hits Urug but does no damage.
The wall freezes Urug but does no damage.
Urug hits you with a +0 great sword of holy wrath!!
You convulse!!
* * * LOW HITPOINT WARNING * * *
You emit a cloud of foul miasma!
Fire: b) +5 sling (flame)
Press: ? - help, Q - select action, (/) - cycle Shift-Dir - straight line, f/p - Urug
Aim: Urug, wielding a +0 great sword of holy wrath, wearing a +0 chain mail, quivering javelins and carrying a wand of acid (4) (foul pestilence, 62% to hit)
You shoot a sling bullet.
The sling bullet hits Urug but does no damage.
Urug is engulfed in dark miasma.
Urug is poisoned.
The wall freezes Urug but does no damage.
You block Urug's attack.
Fire: b) +5 sling (flame)
Press: ? - help, Q - select action, (/) - cycle Shift-Dir - straight line, f/p - Urug
Aim: Urug, wielding a +0 great sword of holy wrath, wearing a +0 chain mail, quivering javelins and carrying a wand of acid (4) (foul pestilence, lightly wounded, poisoned, 62% to hit)
You shoot a sling bullet. The sling bullet closely misses Urug.
Urug is engulfed in dark miasma.
Urug looks even sicker.
The wall freezes Urug!
Urug hits you with a +0 great sword of holy wrath!!
You die...
Your body crumbles into a pile of gold.

......# #8...................#..
.....#####.#...................#.
....#...8<∩.8..................#.
...........#....#..#.......#.#.##
..........8......#.#.......#####
................#.#........###
................#..#)......#.####
...............#####........###.#
...............o@# ##......#.#.#.
..............#.## ##......#..##
[.............### #......##.#.
.).............### #......[.##.
###...........##.## ##......[.#[.
.#................# #........#)..
#.#...).....#.#..#####.#.........
#............#..##...##..........
.#..>........###....#>...........


You could see Urug (very poisoned).

Vanquished Creatures
  Gastronok (D:8)
  Snorg (D:10)
  A boulder beetle (D:8)
  4 two-headed ogres
  Pikel (D:8)
  Maurice (D:8)
  2 gargoyles
  Psyche (D:8)
  A komodo dragon (D:8)
  Grinder (D:3)
  A troll (D:9)
  Prince Ribbit (D:5)
  A shadow (D:7)
  Sigmund (D:2)
  A wraith (D:10)
  4 wyverns
  Grum (D:8)
  6 yaks (D:10)
  A steam dragon (D:9)
  A water moccasin (D:6)
  A sky beast (D:7)
  5 orc warriors
  2 ogres
  An ice beast (D:7)
  3 wolves (D:8)
  A centaur (D:7)
  A black bear (D:8)
  A phantom (D:5)
  4 bullfrogs
  3 kobold brigands
  A lemure (D:8)
  3 scorpions
  19 wights
  A howler monkey (D:3)
  A jelly (D:5)
  3 hounds
  2 orc priests
  2 sleepcaps
  2 iguanas
  7 orc wizards
  9 gnolls
  8 adders
  2 white imps
  4 worms
  4 dart slugs
  22 orcs
  3 endoplasms
  6 giant cockroaches
  11 goblins
  12 hobgoblins
  3 jackals (D:1)
  50 kobolds
  3 quokkas
  11 ball pythons
  3 bats
  A frilled lizard (D:3)
  7 rats
254 creatures vanquished.

Vanquished Creatures (others)
  A wight (D:8)
1 creature vanquished.

Grand Total: 255 creatures vanquished

Notes
Turn   | Place    | Note
-------+----------+-------------------------------------------
     0 | D:1      | croobank the Demonspawn Ice Elementalist began the quest
                  | for the Orb.
     0 | D:1      | Reached XP level 1. HP: 13/13 MP: 3/3
   246 | D:1      | Gained mutation: You have a pair of small horns on your
                  | head. [demonic ancestry]
   246 | D:1      | Reached XP level 2. HP: 17/19 MP: 5/5
   614 | D:1      | Gained mutation: You may rarely emit foul miasma when
                  | damaged in melee. [demonic ancestry]
   614 | D:1      | Reached XP level 3. HP: 20/24 MP: 0/6
   674 | D:1      | Learned a level 3 spell: Frozen Ramparts
  1038 | D:2      | Noticed Sigmund
  1292 | D:2      | Killed Sigmund
  1293 | D:2      | Reached skill level 1 in Fighting
  1293 | D:2      | Gained mutation: You have a pair of horns on your head.
                  | [demonic ancestry]
  1293 | D:2      | Reached XP level 4. HP: 12/33 MP: 1/8
  1293 | D:2      | Reached XP level 5. HP: 14/38 MP: 1/9
  1888 | D:2      | Found a basalt altar of Yredelemnul.
  2291 | D:2      | Learned a level 3 spell: Ozocubu's Armour
  2472 | D:3      | Reached XP level 6. HP: 44/44 MP: 6/10
  2553 | D:3      | Noticed Grinder
  2566 | D:3      | Paralysed by Grinder for 4 turns
  2917 | D:3      | Killed Grinder
  2918 | D:3      | Reached XP level 7. HP: 27/51 MP: 3/12
  3423 | D:4      | Learned a level 3 spell: Hailstorm
  3442 | D:4      | Identified the +0 leather armour of Pantheism {rPois Str+3
                  | Int+3}
  3699 | D:4      | Found a staircase to the Ecumenical Temple.
  3708 | Temple   | Entered the Ecumenical Temple
  3713 | Temple   | Became a worshipper of Gozag Ym Sagoz the Greedy
  3909 | D:4      | Reached skill level 5 in Ice Magic
  4931 | D:5      | Entered Level 5 of the Dungeon
  5137 | D:5      | Noticed Prince Ribbit
  5155 | D:5      | Reached skill level 1 in Shields
  5156 | D:5      | Killed Prince Ribbit
  5157 | D:5      | Gained mutation: You are partially covered in icy blue
                  | scales. (AC +2) [demonic ancestry]
  5157 | D:5      | Reached XP level 8. HP: 35/59 MP: 0/14
  7018 | D:6      | Found an iron altar of Okawaru.
  7019 | D:6      | Found a snail-covered altar of Cheibriados.
  7021 | D:6      | Found a stormy altar of Qazlal.
  7300 | D:6      | Found an ornate altar of the Wu Jian Council.
  7407 | D:6      | Found Eqarph's Weapon Shop.
  7430 | D:6      | Bought a +5 sling of flaming for 356 gold pieces
  7626 | D:6      | Reached skill level 1 in Conjurations
  7755 | D:7      | Found a flagged portal.
  7785 | Bailey   | Entered a bailey
  7790 | Bailey   | Noticed an orc warlord
  7839 | Bailey   | Reached skill level 5 in Stealth
  8159 | Bailey   | Found a runed translucent gate.
  8161 | Bailey   | Found a runed translucent gate.
  8162 | Bailey   | Found a runed translucent gate.
  8239 | Bailey   | Noticed an orc knight
  8270 | Bailey   | Reached skill level 5 in Shields
  8270 | Bailey   | Gained mutation: You regenerate a little health from kills.
                  | [demonic ancestry]
  8270 | Bailey   | Reached XP level 9. HP: 27/69 MP: 7/18
  8638 | D:7      | Gained mutation: You have a pair of large horns on your
                  | head. [demonic ancestry]
  8638 | D:7      | Reached XP level 10. HP: 76/76 MP: 19/19
  8838 | D:7      | Noticed a gargoyle
  8855 | D:7      | Killed a gargoyle
 10138 | D:8      | Noticed Grum
 10153 | D:8      | Noticed Gastronok
 10154 | D:8      | Killed Grum
 10510 | D:9      | Noticed a two-headed ogre
 10518 | D:9      | Killed a two-headed ogre
 10913 | D:9      | Noticed a two-headed ogre
 10922 | D:9      | Killed a two-headed ogre
 11117 | D:9      | Noticed a two-headed ogre
 11124 | D:9      | Killed a two-headed ogre
 11139 | D:9      | Reached XP level 11. HP: 60/84 MP: 21/21
 11543 | D:8      | Noticed Maurice
 11558 | D:8      | Killed Maurice
 11637 | D:8      | Killed Gastronok
 11726 | D:8      | Found a staircase to the Lair.
 11848 | D:8      | Noticed Pikel
 11853 | D:8      | Killed Pikel
 12174 | D:8      | Noticed a boulder beetle
 12205 | D:8      | Killed a boulder beetle
 12299 | D:8      | Noticed Psyche
 12311 | D:8      | Killed Psyche
 12816 | D:9      | Found a staircase to the Orcish Mines.
 12851 | D:9      | Found Qiusitre's Jewellery Emporium.
 12867 | D:9      | Bought a ring of protection from fire for 325 gold pieces
 13121 | D:10     | Entered Level 10 of the Dungeon
 13287 | D:10     | Found Sogyuch's Book Boutique.
 13294 | D:10     | Bought a book of the Wilderness for 532 gold pieces
 13352 | D:10     | Noticed Erica
 13353 | D:10     | Noticed a two-headed ogre
 13360 | D:10     | Noticed Urug
 13959 | D:10     | Noticed Snorg
 13968 | D:10     | Killed Snorg
 13969 | D:10     | Reached skill level 1 in Summonings
 13996 | D:10     | Killed a two-headed ogre
 14128 | D:9      | Slain by Urug

Illustrated notes

Levels and vault maps discovered:
D:1:      dpeg_arrival_rooms_with_view, layout_loops_cross,
          minmay_indecisive_spiral
D:2:      layout_loops_corners, basic_altar, eino_curves_04, uniq_sigmund
D:3:      layout_basic, minmay_tree_intersection, minmay_hedge_maze,
          hangedman_decor_clover_reticule, uniq_grinder
D:4:      layout_gridville, minmay_temple_entry_poolview,
          kennysheep_small_circle
D:5:      kennysheep_kobold_camp, layout_basic, uniq_prince_ribbit1
D:6:      layout_gridville, minitemple, nicolae_wu_jian_wuxing_cycle,
          serial_shops, shop, kennysheep_generic_room_15
D:7:      layout_gridville, enter_bailey_5
D:8:      layout_loops_ring, david_lair_shrubbed, uniq_grum, uniq_pikel,
          uniq_maurice, uniq_gastronok, uniq_psyche
D:9:      layout_big_octagon, orc_0_dummy, serial_shops,
          nicolae_shop_statue_plus
D:10:     gammafunk_boulding_lane, layout_loops_ring, serial_shops,
          nicolae_book_shop_shelving, hangedman_decor_points, uniq_urug,
          uniq_erica, uniq_snorg
Temple:   compressed_dpeg_triangle_lava_temple

Skill      XL: |  1  2  3  4  5  6  7  8  9 10 11 |
---------------+----------------------------------+-----
Stealth        | 2 3 4 6 7 8 |  8.6
Dodging        | 2 3 4 6 7 |  7.9
Ice Magic      | 4 5 7 8 |  8.7
Fighting       | 1 2 3 6 7 8 |  8.1
Spellcasting   | 3 4 6 7 |  7.9
Shields        | 1 5 |  5.1
Conjurations   | 4 |  4.3
Summonings     | 1 |  1.9

Action                     |  1- 3 |  4- 6 |  7- 9 | 10-12 || total
---------------------------+-------+-------+-------+-------++-------
  Melee: Dagger            |       |    20 |    15 |    51 ||    86
         Headbutt          |       |     7 |     9 |    16 ||    32
         War axe           |       |       |    11 |       ||    11
         Short sword       |       |       |       |    16 ||    16
   Fire: Sling             |   103 |    64 |   270 |   300 ||   737
  Throw: Throwing net      |       |     1 |       |       ||     1
         Dart              |       |       |    13 |    11 ||    24
   Cast: Freeze            |    16 |     5 |    13 |     5 ||    39
         Frozen Ramparts   |     6 |    12 |    33 |    38 ||    89
         Ozocubu's Armour  |       |     2 |    12 |    32 ||    46
         Hailstorm         |       |       |     3 |    12 ||    15
 Invoke: Potion Petition   |       |       |     1 |     1 ||     2
  Evoke: Wand              |       |       |     2 |     7 ||     9
    Use: Scroll            |     1 |     5 |    14 |    10 ||    30
         Potion            |       |     3 |     2 |     3 ||     8
   Stab: Sleeping          |       |     4 |     2 |     9 ||    15
         Held in net/web   |       |     1 |       |       ||     1
         Distracted        |       |       |       |     1 ||     1
 Armour: Robe              |    14 |     7 |     1 |       ||    22
         Leather armour    |       |       |    26 |    59 ||    85
  Dodge: Dodged            |    61 |    31 |   120 |   235 ||   447
  Block: Buckler           |       |       |    42 |   127 ||   169
